 Dungeon Crawl Stone Soup version 0.17.0-15-g6d90897 (webtiles) character file.

527 tp1 the Charmwright (level 7, 0/54 HPs)
             Began as a Deep Elf Conjurer on Nov 10, 2015.
             Succumbed to Dowan's poison
             ... on level 4 of the Dungeon.
             The game lasted 00:17:49 (4294 turns).

tp1 the Charmwright (Deep Elf Conjurer)             Turns: 4294, Time: 00:17:49

Health: 0/54       AC: 23    Str: 10    XL:     7   Next: 2%
Magic:  16/16      EV:  2    Int: 22    God:
Gold:   152        SH:  0    Dex: 15    Spells: 3 memorised, 8 levels left

rFire  . . .     SeeInvis .     h - +0 short sword
rCold  . . .     Clarity  .     (armour currently unavailable)
rNeg   + + +     SustAt   .     (no shield)
rPois  +         Gourm    .     (helmet currently unavailable)
rElec  .         Spirit   .     (cloak currently unavailable)
rCorr  .         Warding  .     (gloves currently unavailable)
rMut   .         NoTele   +     (boots currently unavailable)
MR     .....                    (no amulet)
Stlth  +.........               (no ring)
                                s - ring of positive energy

@: mighty, lethally poisoned (0 -> -15), tree-form, very slightly contaminated,
hasted, glowing, very quick, not resistant to hostile enchantments, very
unstealthy
A: no striking features
a: no special abilities


You were on level 4 of the Dungeon.
You were hungry.
You were a tree.
You visited 2 branches of the dungeon, and saw 5 of its levels.

You collected 152 gold pieces.

Inventory:

Hand Weapons
 h - a +0 short sword (weapon)
Armour
 a - a +0 robe (melded)
Jewellery
 s - a ring of positive energy (left branch)
Wands
 u - a wand of confusion (48)
Scrolls
 j - a scroll of enchant weapon
 q - 2 scrolls of random uselessness
 t - a scroll of recharging
Potions
 k - a potion of haste
 m - a potion of lignification
Books
 b - a book of Conjurations

   Spells                             Type                      Level
   a - Magic Dart                     Conjuration                  1
   b - Searing Ray                    Conjuration                  2
   c - Dazzling Spray                 Conjuration/Hexes            3
   d - Fulminant Prism                Conjuration/Hexes            4
   e - Iskenderun's Mystic Blast      Conjuration                  4
   f - Iskenderun's Battlesphere      Conjuration/Charms           5
Comestibles
 c - 2 bread rations
 l - a meat ration
 o - a slice of pizza
 v - 4 chunks of flesh


   Skills:
 - Level 2.4 Dodging
 - Level 2.4 Stealth
 - Level 5.0 Spellcasting
 - Level 6.1 Conjurations
 + Level 7.7 Charms


You had 8 spell levels left.
You knew the following spells:

 Your Spells              Type           Power        Failure   Level  Hunger
a - Magic Dart            Conj           ####         1%          1    None
b - Searing Ray           Conj           ####..       1%          2    None
d - Iskenderun's Battles  Conj/Chrm      #####...     17%         5    #####..


Dungeon Overview and Level Annotations

Branches:
Dungeon (4/15)             Temple (1/1) D:4

Altars:
Cheibriados
Dithmenos
Gozag
Kikubaaqudgha
Makhleb
Nemelex Xobeh
Okawaru
Qazlal
Ru
Sif Muna
Trog
Xom
Yredelemnul
Zin
The Shining One


Message History

Charge which item? (? for menu, Esc to quit)
Your wand of confusion glows for a moment.
* * * LOW HITPOINT WARNING * * *
You feel sick.
* * * LOW HITPOINT WARNING * * *
You feel sick.
* * * LOW HITPOINT WARNING * * *
You feel sick.
* * * LOW HITPOINT WARNING * * *
You feel sick.
* * * LOW HITPOINT WARNING * * *
You feel sick.
* * * LOW HITPOINT WARNING * * *
You feel sick.
* * * LOW HITPOINT WARNING * * *
You feel sick.
Eat one of 5 chunks of flesh? (ye/n/q/i?) This raw flesh tastes terrible.
You are feeling hungry.
You die...

##.#.....##... #+#
#............# ...
#...#####.... # #.#
##...#...#..#.
+.._..+.............
.#.#.#..#.#...#####
§§§ #..<.........
###§################
#§§♣§§..)...........
####################
# # # # #


There were no monsters in sight!

Vanquished Creatures
  Duvessa (D:4)
  An ogre (D:4)
  Dowan (D:4)
  Natasha (thrice) (D:2)
  6 adders
  10 gnolls (D:3)
  3 oozes
  A worm (D:2)
  2 giant geckos
  4 orcs (D:3)
  2 ball pythons
  7 bats
  A giant cockroach (D:1)
  12 goblins
  10 hobgoblins
  7 jackals
  6 kobolds
  4 giant newts
  3 quokkas
  8 rats
92 creatures vanquished.

Notes
Turn   | Place    | Note
--------------------------------------------------------------
     0 | D:1      | tp1 the Deep Elf Conjurer began the quest for the Orb.
     0 | D:1      | Reached XP level 1. HP: 10/10 MP: 6/6
    33 | D:1      | Found a snail-covered altar of Cheibriados.
    65 | D:1      | Reached XP level 2. HP: 15/15 MP: 1/8
    81 | D:1      | Learned a level 2 spell: Searing Ray
   130 | D:1      | Reached skill level 5 in Conjurations
   529 | D:1      | Reached XP level 3. HP: 19/19 MP: 4/9
  1329 | D:1      | Found a snail-covered altar of Cheibriados.
  2226 | D:2      | Reached skill level 6 in Conjurations
  2255 | D:2      | Reached XP level 4. HP: 24/24 MP: 3/11
  2468 | D:2      | Noticed Natasha
  2474 | D:2      | Killed Natasha
  2584 | D:2      | Noticed Natasha
  2589 | D:2      | Killed Natasha
  2652 | D:2      | Reached skill level 5 in Spellcasting
  2652 | D:2      | Reached XP level 5. HP: 28/28 MP: 9/14
  2660 | D:2      | Learned a level 5 spell: Iskenderun's Battlesphere
  2768 | D:2      | Noticed Natasha
  2769 | D:2      | Killed Natasha
  2769 | D:2      | Reached skill level 1 in Charms
  3540 | D:3      | Found a faded altar to an unknown god.
  3739 | D:3      | Reached XP level 6. HP: 17/32 MP: 6/15
  3764 | D:3      | Reached skill level 5 in Charms
  3881 | D:3      | Found a shimmering altar of Xom.
  4004 | D:3      | Found a deep blue altar of Sif Muna.
  4079 | D:4      | Found a staircase to the Ecumenical Temple.
  4132 | Temple   | Entered the Ecumenical Temple
  4257 | D:4      | Found a snail-covered altar of Cheibriados.
  4257 | D:4      | Noticed Duvessa
  4257 | D:4      | Noticed Dowan
  4274 | D:4      | Killed Duvessa
  4274 | D:4      | Reached skill level 7 in Charms
  4279 | D:4      | Killed Dowan
  4279 | D:4      | Reached XP level 7. HP: 22/36 MP: 16/16
  4292 | D:4      | HP: 2/54 [poisoned by Dowan]
  4294 | D:4      | Succumbed to Dowan's poison

Action                   |  1- 3 |  4- 6 |  7- 9 || total
-------------------------+-------+-------+-------++-------
Melee: Short sword       |     4 |    11 |       ||    15
 Cast: Magic Dart        |    60 |    62 |       ||   122
       Searing Ray       |     5 |    14 |       ||    19
       Iskenderun's Batt |       |     2 |       ||     2
  Use: Potion            |       |     7 |       ||     7
       Scroll            |       |       |     5 ||     5
  Eat: Chunk             |     3 |     7 |     1 ||    11
